 Dungeon Crawl Stone Soup version 0.31-a0-986-g5e6e4ef867 (webtiles) character file.

Game seed: 1928668607996501026

5350 wildpjah the Thaumaturge (level 10, -2/78 HPs)
             Began as a Black Draconian Fire Elementalist on Nov 12, 2023.
             Was a Believer of Qazlal.
             Slain by a troll (4 damage)
             ... on level 10 of the Dungeon.
             The game lasted 00:32:15 (8605 turns).

wildpjah the Thaumaturge (DrFE)                     Turns: 8605, Time: 00:32:16

Health: -2/78      AC:  9    Str: 15    XL:     10   Next: 38%
Magic:  3/22       EV: 13    Int: 25    God:    Qazlal [**....]
Gold:   538        SH:  2    Dex: 14    Spells: 19/26 levels left

rFire   . . .        s - +8 morningstar "Qanazo" {heavy, *Noise Str+4 Int+2 Stlth+}
rCold   . . .        (no shield)
rNeg    . . .        (body armour unavailable)
rPois   .            (helmet restricted)
rElec   +            (no cloak)
rCorr   .            t - +1 pair of gloves
SInv    .            (no boots)
Will    .....        (no amulet)
Stlth   +++          g - +6 ring of intelligence
HPRegen 0.33/turn    (no ring)
MPRegen 0.18/turn

%: no passive effects
@: studying Unarmed Combat
A: breathe lightning, AC +7, unfitting armour, electricity resistance,
cold-blooded
a: Breathe Lightning, Renounce Religion, Upheaval


You were on level 10 of the Dungeon.
You worshipped Qazlal.
Qazlal was pleased with you.
You visited 2 branches of the dungeon, and saw 10 of its levels.

You collected 538 gold pieces.

Inventory:

Hand Weapons
 l - a +0 dagger of holy wrath
 s - the +8 morningstar "Qanazo" (weapon) {heavy, *Noise Str+4 Int+2 Stlth+}
   (You found it on level 3 of the Dungeon)

   Str+4:     It affects your strength (+4).
   Int+2:     It affects your intelligence (+2).
   *Noise:    It may make a loud noise when swung.
   Stlth+:    It makes you more stealthy.
Missiles
 b - 2 throwing nets
Armour
 t - a +1 pair of gloves (worn)
Jewellery
 g - a +6 ring of intelligence (left hand)
 i - a ring of ice
 x - an amulet of regeneration
 F - a ring of protection from fire
 H - a ring of fire
 J - a +6 ring of intelligence
Wands
 w - a wand of iceblast (8)
 G - a wand of charming (2)
 I - a wand of mindburst (10)
Scrolls
 d - a scroll of amnesia {unknown}
 f - a scroll of vulnerability {unknown}
 h - 2 scrolls of enchant armour {unknown}
 j - 4 scrolls of teleportation {unknown}
 k - 4 scrolls of fog {unknown}
 n - 8 scrolls of identify {unknown}
 p - a scroll of fear {unknown}
 v - a scroll of immolation {unknown}
 y - a scroll of torment {unknown}
 z - a scroll of summoning {unknown}
 B - a scroll of poison {unknown}
 C - a scroll of enchant weapon {unknown}
 D - a scroll of revelation {unknown}
 L - a scroll of noise {unknown}
Potions
 a - a potion of magic
 c - a potion of curing {unknown}
 e - 3 potions of degeneration {unknown}
 m - 2 potions of berserk rage {unknown}
 o - a potion of heal wounds {unknown}
 q - 2 potions of haste {unknown}
 r - a potion of brilliance {unknown}
 u - a potion of resistance {unknown}
 A - a potion of enlightenment {unknown}
 E - a potion of ambrosia {unknown}
 K - a potion of might {unknown}
 M - a potion of attraction {unknown}


   Skills:
 + Level 4.1 Fighting
 + Level 6.9 Maces & Flails
 + Level 4.0 Dodging
 + Level 3.3 Stealth
 + Level 0.2 Shields
 * Level 8.5 Spellcasting
 + Level 5.6 Conjurations
 + Level 6.9 Fire Magic


You had 19 spell levels left.
You knew the following spells:

 Your Spells              Type           Power      Damage    Failure   Level
a - Foxfire               Conj/Fire      100%       2x1d9     1%          1
b - Scorch                Fire           90%        2d8       1%          2
c - Flame Wave            Conj/Fire      41%        2d11      4%          4

Your spell library contained the following spells:

 Spells                   Type           Power      Damage    Failure   Level
 Momentum Strike          Conj/Tloc      48%        3d9       2%          2
 Inner Flame              Hex/Fire       27%        N/A       4%          3
 Volatile Blastmotes      Fire/Tloc      54%        2d14      4%          3
 Dazzling Flash           Conj/Hex       48%        N/A       5%          3
 Mephitic Cloud           Conj/Pois/Air  20%        N/A       8%          3
 Blink                    Tloc           20%        N/A       9%          2
 Cigotuvi's Dreadful Rot  Necr/Pois/Air  20%        N/A       9%          2
 Lesser Beckoning         Tloc           20%        N/A       9%          2
 Fulminant Prism          Conj/Hex       12%        3d8       19%         4
 Iskenderun's Mystic Bla  Conj/Tloc      24%        2d7       19%         4
 Dispel Undead            Necr           10%        3d9       50%         4
 Olgreb's Toxic Radiance  Pois           10%        N/A       50%         4
 Passage of Golubria      Tloc           10%        N/A       50%         4
 Starburst                Conj/Fire      20%        6d7       56%         6
 Silence                  Hex/Air        5%         N/A       85%         5
 Death Channel            Necr           5%         N/A       100%        6
 Lehudib's Crystal Spear  Conj/Erth      12%        10d4      100%        8
 Maxwell's Capacitive Co  Air            5%         ∞         100%        8
 Animate Armour           Summ/Erth      Unusable   N/A       N/A         4

Dungeon Overview and Level Annotations

Branches:
Dungeon (8/15)             Temple (1/1) D:5            Lair (0/5) D:10

Altars:
Cheibriados
Dithmenos
Elyvilon
Fedhas
Gozag
Hepliaklqana
Kikubaaqudgha
Makhleb
Nemelex Xobeh
Okawaru
Qazlal
Ru
Sif Muna
Vehumet
Wu Jian
Xom
Yredelemnul
Zin
The Shining One

Shops:
D:3 :   D:4 !


Innate Abilities, Weirdness & Mutations

You can breathe wild blasts of lightning.
Your glossy black scales are hard. (AC +7)
You cannot fit into any form of body armour.
You are resistant to electric shocks. (rElec)
You are cold-blooded and may be slowed by cold attacks.


Message History

The troll claws you but does no damage.
A wave of flame ripples out!
The flame wave engulfs the troll.
The troll is heavily wounded.
The flame wave engulfs the yak!
The yak is almost dead.
The flame wave engulfs the yak!
The yak is burned terribly!
The yak is heavily wounded.
The yak gores you.
* * * LOW HITPOINT WARNING * * *
The troll barely misses you. The troll claws you.
* * * LOW HITPOINT WARNING * * *
The troll misses you.
A wave of flame ripples out!
The flame wave engulfs the yak!!
The yak is burned terribly!
You kill the yak!
Qazlal accepts your kill.
The flame wave engulfs the troll!
The troll is severely wounded.
The flame wave engulfs the yak.
The yak is almost dead.
The flame wave engulfs the yak!
The yak is moderately wounded.
You finish channelling waves of flame.
The yak gores you but does no damage. The troll bites you!
* * * LOW HITPOINT WARNING * * *
The troll barely misses you. The troll closely misses you.
Casting: Flame Wave (dangerous; 4% risk of failure)
Confirm with . or Enter, or press ? or * to list all spells.
You don't have enough magic to cast this spell.
You closely miss the troll. You tail-slap the troll.
The troll is severely wounded.
The yak gores you.
* * * LOW HITPOINT WARNING * * *
The yak gores you!
* * * LOW HITPOINT WARNING * * *
You block the troll's attack. The troll closely misses you.
The troll claws you but does no damage. The yak barely misses you.
The yak completely misses you. You block the troll's attack.
The troll claws you.
You die...

.#....# .#....# #.....
......# #.....#.#
##...## #..#..#.# #...#
....... #...# #..#..
##...########..#.# # ..
............#..#T#)#....
................@†))....
...............YY##.....
##...######.##.#.# ...
#...# #.##........ .
#...# #.##.#.##.## #...#
#.##.#.# # #...#
#....... #...# ######...
##...# ....


You could see 2 yaks and a troll.

Vanquished Creatures
  A manticore (D:7)
  Maurice (D:8)
  A gargoyle (D:10)
  4 yaks (D:10)
  A steam dragon (D:10)
  Menkaure (D:5)
  Edmund (D:5)
  Duvessa (D:5)
  2 water moccasins (D:7)
  2 sky beasts (D:7)
  An orc warrior (D:6)
  2 ice beasts (D:7)
  A black bear (D:7)
  4 phantoms
  Blork the orc (D:4)
  3 bullfrogs (D:6)
  3 scorpions
  12 wights
  Dowan (D:5)
  3 howler monkeys (D:7)
  A gnoll bouda (D:7)
  2 jellies
  4 orc priests
  9 hounds
  A sleepcap (D:7)
  Ijyb (D:4)
  7 orc wizards
  6 iguanas
  Robin (D:4)
  6 adders
  A shadow imp (D:5)
  A white imp (D:5)
  2 ufetubi (D:3)
  A worm (D:4)
  5 dart slugs
  23 orcs
  4 ball pythons
  3 bats (D:1)
  6 endoplasms
  2 giant cockroaches (D:2)
  8 hobgoblins
  4 jackals
  5 kobolds
  2 quokkas
  A frilled lizard (D:3)
  14 goblins
  8 rats
  A foxfire (D:10)
175 creatures vanquished.

Vanquished Creatures (collateral kills)
  3 foxfires
3 creatures vanquished.

Vanquished Creatures (others)
  483 foxfires
483 creatures vanquished.

Grand Total: 661 creatures vanquished

Notes
Turn   | Place    | Note
-------+----------+-------------------------------------------
     0 | D:1      | wildpjah the Draconian Fire Elementalist began the quest
                  | for the Orb.
     0 | D:1      | Reached XP level 1. HP: 14/14 MP: 3/3
   503 | D:1      | Reached XP level 2. HP: 20/20 MP: 3/5
  1374 | D:2      | Reached XP level 3. HP: 25/27 MP: 2/6
  1501 | D:2      | Reached skill level 1 in Fighting
  1983 | D:2      | Learned a level 2 spell: Scorch
  2203 | D:3      | Identified the +8 morningstar "Qanazo" {heavy, *Noise Str+4
                  | Int+2 Stlth+}
  2247 | D:3      | Reached XP level 4. HP: 35/35 MP: 5/7
  2366 | D:3      | Found Hish's Book Shop.
  2815 | D:4      | Noticed Robin
  2823 | D:4      | Killed Robin
  2951 | D:4      | Reached XP level 5. HP: 40/40 MP: 6/9
  2979 | D:4      | Found Soinukh's Distillery.
  3030 | D:4      | Noticed Blork the orc
  3041 | D:4      | Killed Blork the orc
  3042 | D:4      | Reached skill level 1 in Maces & Flails
  3042 | D:4      | Reached skill level 3 in Spellcasting
  3125 | D:4      | Found an iron altar of Okawaru.
  3226 | D:4      | Found a glowing silver altar of Zin.
  3226 | D:4      | Found a white marble altar of Elyvilon.
  3226 | D:4      | Found a glowing golden altar of the Shining One.
  3303 | D:4      | Reached XP level 6. HP: 25/48 MP: 3/10
  3511 | D:4      | Noticed Ijyb
  3521 | D:4      | Killed Ijyb
  3530 | D:4      | Your scales start taking on a glossy black colour.
  3530 | D:4      | Reached XP level 7. HP: 10/55 MP: 5/12
  3530 | D:4      | Gained mutation: You are resistant to electric shocks.
                  | (rElec) [Black Draconian growth]
  4082 | D:5      | Entered Level 5 of the Dungeon
  4082 | D:5      | Noticed Duvessa
  4082 | D:5      | Noticed Dowan
  4095 | D:5      | Killed Duvessa
  4101 | D:5      | Killed Dowan
  4102 | D:5      | Reached skill level 4 in Spellcasting
  4211 | D:5      | Found a burning altar of Makhleb.
  4446 | D:5      | Reached XP level 8. HP: 62/62 MP: 10/14
  4488 | D:5      | Reached skill level 5 in Fire Magic
  4898 | D:5      | Noticed Menkaure
  4902 | D:5      | Killed Menkaure
  4976 | D:5      | Found a radiant altar of Vehumet.
  5009 | D:5      | Identified the +0 chain mail of the Old and Reckless {rF+}
  5056 | D:5      | Learned a level 4 spell: Flame Wave
  5118 | D:5      | Noticed Edmund
  5131 | D:5      | Killed Edmund
  5132 | D:5      | Reached skill level 5 in Spellcasting
  5319 | D:5      | Found a staircase to the Ecumenical Temple.
  5328 | Temple   | Entered the Ecumenical Temple
  5359 | Temple   | Became a worshipper of Qazlal Stormbringer
  5448 | D:6      | Identified the of Dumofarph
  5940 | D:6      | Reached skill level 5 in Maces & Flails
  6004 | D:6      | Found a faded altar of an unknown god.
  6004 | D:6      | Found a sacrificial altar of Ru.
  6010 | D:6      | Found a faded altar of an unknown god.
  6012 | D:6      | Found an opulent altar of Gozag.
  6014 | D:6      | Found a basalt altar of Yredelemnul.
  6201 | D:6      | Reached XP level 9. HP: 69/69 MP: 13/17
  6305 | D:7      | Reached skill level 6 in Spellcasting
  6775 | D:7      | Reached * piety under Qazlal
  6812 | D:7      | Noticed a manticore
  6817 | D:7      | Killed a manticore
  6818 | D:7      | Reached skill level 7 in Spellcasting
  6818 | D:7      | Reached skill level 5 in Conjurations
  6988 | D:7      | Identified the +1 war axe of Beyond {pain, Will+ Int+6}
  7200 | D:7      | Found a shimmering blue altar of Sif Muna.
  7700 | D:8      | Noticed Maurice
  7709 | D:8      | Killed Maurice
  7710 | D:8      | Reached XP level 10. HP: 77/78 MP: 13/21
  8009 | D:8      | You fall into a shaft and drop 2 floors!
  8009 | D:10     | Entered Level 10 of the Dungeon
  8058 | D:10     | Noticed a gargoyle
  8068 | D:10     | Killed a gargoyle
  8069 | D:10     | Reached skill level 8 in Spellcasting
  8528 | D:10     | Found a staircase to the Lair.
  8597 | D:10     | Reached ** piety under Qazlal
  8605 | D:10     | HP: 2/78 [yak (7)]
  8605 | D:10     | Slain by a troll

Illustrated notes

Levels and vault maps discovered:
D:1:      roderic_octagonal_star, layout_basic, serial_bayou_crossing
D:2:      layout_rooms, serial_park_tiny_2
D:3:      layout_loops_ring, serial_shops, shop
D:4:      layout_loops_ring, good_gods_mini_temple, lemuel_crystal_altar,
          serial_shops, shop, uniq_blork_the_orc, uniq_robin, uniq_ijyb
D:5:      layout_loops_ring, old_standard_altar, nicolae_overflow_hidden_temple,
          lemuel_temple_firewalk_b, st_stairs_2, minmay_manual_maat,
          uniq_menkaure, uniq_edmund, uniq_duvessa
D:6:      layout_loops_cross, chequers_temple_overflow_minitemple
D:7:      layout_loops_ring, lemuel_coloured_pillars_altar, hex_tiny,
          nzn_random_ring
D:8:      layout_basic, uniq_maurice, uniq_pikel
D:10:     layout_loops_cross, lair_entry_dummy
Temple:   kb_temple_of_zot

Skill      XL: |  1  2  3  4  5  6  7  8  9 10 |
---------------+-------------------------------+-----
Dodging        | 2 3 4 |  4.0
Stealth        | 2 3 |  3.3
Fighting       | 1 2 3 4 |  4.1
Conjurations   | 2 3 4 5 |  5.6
Maces & Flails | 2 3 4 5 6 |  6.9
Spellcasting   | 3 4 5 7 8 |  8.5
Fire Magic     | 4 5 6 |  6.9
Shields        | |  0.2

Action                     |  1- 3 |  4- 6 |  7- 9 | 10-12 || total
---------------------------+-------+-------+-------+-------++-------
  Melee: Unarmed           |     9 |       |       |       ||     9
         Tailslap          |     3 |     4 |     6 |     3 ||    16
         Short sword       |     5 |       |       |       ||     5
         Morningstar       |       |    40 |    66 |    14 ||   120
   Cast: Foxfire           |    61 |    58 |   147 |    31 ||   297
         Scorch            |       |     2 |    11 |     8 ||    21
         Flame Wave        |       |       |     3 |     2 ||     5
Ability: Breathe Lightning |       |       |     1 |     1 ||     2
   Stab: Sleeping          |       |       |     1 |       ||     1
 Armour: Skin              |    29 |    71 |    65 |    21 ||   186
  Dodge: Dodged            |    34 |    33 |    62 |    16 ||   145
  Block: Other             |       |       |       |     4 ||     4

Table legend: (Time is in decaauts)
 A = Elapsed time spent in this place.
 B = Non-inter-level travel time spent in this place.
 C = Inter-level travel time spent in this place.
 D = Time resting spent in this place.
 E = Time spent auto-exploring this place.
 F = Levels seen in this place.
 G = Mean time per level.
                   A        B        C        D        E       F      G
               +--------+--------+--------+--------+--------+-----+--------+
         Total |   8729 |   8479 |    250 |     10 |   7273 |  10 |  872.9 |
       Dungeon |   8666 |   8476 |    190 |     10 |   7273 |   9 |  962.9 |
        Temple |     62 |      2 |     60 |      0 |      0 |   1 |   62.0 |
               +--------+--------+--------+--------+--------+-----+--------+

Top non-repeatable levels by time:
     D:5: 1330 daAuts
     D:1: 1330 daAuts
     D:4: 1322 daAuts
     D:7: 1137 daAuts
     D:6: 842 daAuts
     D:3: 815 daAuts
     D:2: 670 daAuts
     D:8: 617 daAuts
    D:10: 600 daAuts
  Temple: 62 daAuts
